Cogmind - Beta 13 X1 @@@ ROGUE MODE // 2023.09.14 @ 04:24:12 Player: VR-DUX Result: Destroyed by YI-UF0 with YI-UF0's Doublenader Performance ------------- Evolutions (0) 0 Regions Visited (2) 400 Robots Destroyed (21) 105 Value Destroyed (482) 482 Prototype IDs (1) 20 Alien Tech Used (0) 0 Bonus (0) 0 TOTAL SCORE: 1007 Bonus ------- None Cogmind --------- Core Integrity 0/250 Matter 385/500 Energy 57/100 System Corruption 0% Temperature Cool (0) Movement Treading (240) Ox1 Location -10/Mines Parts ------- > --- POWER (1) -------- (None) > --- PROPULSION (2) --- Light Treads > --- UTILITY (2) ------ Large Storage Unit High-capacity Matter Pod > --- WEAPON (2) ------- Light Assault Rifle > --- INVENTORY (15) --- Ion Engine Light Nuclear Core Light Treads Compact Wheel Flight Unit Improved Heat Sink Medium Storage Unit Structural Scanner Sensor Array Hacking Suite Peak State ------------ > --- POWER ------------ Light Nuclear Core > --- PROPULSION ------- Aluminum Leg Aluminum Leg > --- UTILITY ---------- Small Storage Unit Structural Scanner > --- WEAPON ----------- EM Pulse Gun Assault Rifle > --- INVENTORY -------- Ion Engine Light Treads Light Treads Compact Wheel Compact Wheel Small Matter Pod Hacking Suite Assault Rifle [Rating: 10] Favorites ----------- Power Ion Engine Engine Ion Engine Power Core Light Nuclear Core Propulsion Compact Wheel Treads Light Treads Leg Aluminum Leg Wheel Compact Wheel Utility Large Storage Unit Device Structural Scanner Storage Large Storage Unit Processor Signal Interpreter Protection Light Armor Plating Weapon Assault Rifle Energy Gun EM Pulse Gun Ballistic Gun Assault Rifle Launcher Grenade Launcher Build | -11 -10 -10 ------- Run | Jun Mat Min Slots Evolved . | . . . Power . | . . . Propulsion . | . . . Utility . | . . . Weapon . | . . . Parts Attached 24 | . 14 10 Power 3 | . 3 . Engine 2 | . 2 . Core 1 | . 1 . Reactor . | . . . Propulsion 8 | . 4 4 Treads 4 | . 1 3 Leg . | . . . Wheel 4 | . 3 1 Hover . | . . . Flight . | . . . Utility 6 | . 4 2 Device 1 | . 1 . Storage 3 | . 2 1 Processor 1 | . 1 . Hackware . | . . . Protection 1 | . . 1 Artifact . | . . . Weapon 7 | . 3 4 Energy Gun 3 | . 1 2 Energy Cannon . | . . . Ballistic Gun 3 | . 2 1 Ballistic Cannon . | . . . Launcher 1 | . . 1 Special Weapon . | . . . Impact Weapon . | . . . Slashing Weapon . | . . . Piercing Weapon . | . . . Special Melee Weapon . | . . . Unidentified Prototypes 1 | . 1 . Parts Lost 8 | . 1 7 Power 2 | . 1 1 Propulsion 1 | . . 1 Utility 1 | . . 1 Weapon 4 | . . 4 Highest Loss Streak 6 | . 1 6 To Critical Strikes . | . . . Average Slot Usage (%) 98 | . 98 97 Engine 13 | . 13 14 Treads 2 | . . 10 Leg 5 | . 7 . Wheel 19 | . 20 16 Device 7 | . 9 . Storage 15 | . 14 20 Processor 2 | . 3 . Protection 1 | . . 6 Energy Gun 6 | . 8 . Ballistic Gun 20 | . 19 20 Launcher 1 | . . 7 Naked Turns . | . . . Heaviest Build 37 | 12 31 37 Greatest Support 32 | 20 32 32 Greatest Overweight (x) 2 | . 1 2 Average Overweight (x) . | . . 1 Largest Inventory Capacity 15 | 8 15 15 Average Capacity 12 | 8 12 15 Most Carried 15 | 6 15 15 Average Carried 11 | 6 10 13 Final Capacity 15 | 8 15 15 Final Carried 15 | 6 15 10 Class Distribution -------------------- 100% | Mutant Dominant Class ---------------- Mutant | -10/Materials Mutant | -10/Mines Resources | -11 -10 -10 ----------- Run | Jun Mat Min Matter Collected 895 | 218 599 78 Remotely . | . . . Salvage Created 703 | 91 505 107 Parts 48 | . 43 5 Haulers Intercepted 2 | . 2 . Recyclers Shooed 2 | . 2 . Parts Field Recycled . | . . . Retrieved Matter . | . . . Parts Self-Destructed . | . . . Prevented . | . . . Kills | -11 -10 -10 ------- Run | Jun Mat Min Combat Hostiles Destroyed 14 | . 5 9 Guns 8 | . 4 4 AOE 6 | . 1 5 Classes Destroyed 8 | 1 5 2 Builder 5 | . 5 . Hauler 2 | . 2 . Recycler 1 | 1 . . Operator 1 | . 1 . Watcher 3 | . 3 . Grunt 7 | . 5 2 Demolisher 2 | . . 2 Assembled 5 | . . 5 Best Kill Streak 5 | 1 3 5 Combat Bots Only 5 | . 2 5 Max Kills in Single Turn 2 | 1 2 2 Gunslinging . | . . . Exploded 2 | . 1 2 Melee . | . . . Uniques/NPCs Destroyed . | . . . Combat | -11 -10 -10 -------- Run | Jun Mat Min Damage Taken 1354 | . 352 1002 Core 262 | . 53 209 Absorbed by Shields . | . . . Core Remaining (%) 100 | 100 . . Volleys Fired 89 | 3 62 24 Largest 2 | 2 2 2 Hottest 80 | 40 60 80 Shots Fired 171 | 6 124 41 Gun 165 | 6 124 35 Cannon . | . . . Launcher 6 | . . 6 Special . | . . . Kinetic 127 | 6 89 32 Thermal . | . . . Explosive 6 | . . 6 Electromagnetic 38 | . 35 3 Robot Hit Streak 9 | 3 9 7 Robot Miss Streak 4 | 2 4 3 Penetration Max . | . . . Secondary Targets 1 | . 1 . Max Gunslinging Chain 1 | . 1 . Shots Hit Robots 103 | 3 73 27 Core Hits 50 | 2 25 23 Critical Kills . | . . . Critical Parts Destroyed 1 | . 1 . Critical Strikes 1 | . 1 . Destroy 1 | . 1 . Melee Attacks . | . . . Impact . | . . . Slashing . | . . . Piercing . | . . . Sneak Attacks . | . . . Combat Hostiles . | . . . Follow-up Attacks . | . . . Damage Inflicted 1509 | 35 956 518 Guns 1210 | 35 910 265 Cannons . | . . . Explosions 299 | . 46 253 Melee . | . . . Ramming . | . . . Kinetic 887 | 35 621 231 Thermal 46 | . 46 . Explosive 253 | . . 253 Electromagnetic 323 | . 289 34 Impact . | . . . Slashing . | . . . Piercing . | . . . Highest Corruption . | . . . Average Corruption . | . . . Corruption Purged . | . . . Corruption Blocked . | . . . Overload Shots . | . . . Overflow Damage . | . . . Projectiles . | . . . Explosions . | . . . Melee . | . . . Knockbacks . | . . . Impact . | . . . Kinetic . | . . . Secondary . | . . . Self-Inflicted Damage 144 | . 36 108 Shots 5 | . 1 4 Rammed . | . . . Targets Rammed . | . . . Kicked . | . . . Crushed . | . . . Highest Temperature 99 | 6 99 54 Average Temperature 29 | 6 35 21 Received Heat Transfer 329 | . 162 167 Siege Activations . | . . . Robots Corrupted . | . . . Combat Hostiles . | . . . Parts Fried . | . . . Impact Corruptions . | . . . Robots Melted . | . . . Combat Hostiles . | . . . Parts Melted . | . . . Heat Transferred . | . . . Parts Sabotaged . | . . . Parts Stolen . | . . . Parts Stripped . | . . . Power Chain Reactions 1 | . 1 . Missiles Intercepted . | . . . Alert | -11 -10 -10 ------- Run | Jun Mat Min Peak Influence 209 | 5 209 165 Initial 24 | . 3 24 Average 71 | 3 56 132 Maximum Alert Level 1 | . 1 . Low Security (%) 92 | 100 90 100 Level 1 7 | . 9 . Level 2 . | . . . Level 3 . | . . . Level 4 . | . . . Level 5 . | . . . High Security . | . . . Max Security . | . . . Squads Dispatched 3 | . 3 . Investigation 2 | . 2 . Extermination . | . . . Reinforcement 1 | . 1 . Assault . | . . . Garrison . | . . . Intercept . | . . . Searches Triggered . | . . . Construction Impeded . | . . . Haulers Reinforced . | . . . Active Scanning Responses . | . . . Cargo Convoy Interrupts . | . . . Stealth | -11 -10 -10 --------- Run | Jun Mat Min Distress Signals 4 | . 4 . Communications Jammed . | . . . Distress Signals . | . . . Times Spotted 28 | . 18 10 Peak Tracking Total 5 | . 4 5 Tactical Retreats 2 | . 2 . Traps | -11 -10 -10 ------- Run | Jun Mat Min Traps Triggered 1 | . 1 . Indirectly . | . . . Trap Hack Attempts . | . . . Triggered . | . . . Disarmed . | . . . Reprogrammed . | . . . Reused . | . . . Traps Extracted . | . . . Installed . | . . . Triggered . | . . . Machines | -11 -10 -10 ---------- Run | Jun Mat Min Machines Disabled 1 | . 1 . Max in Single Turn 1 | . 1 . Machines Repaired . | . . . Machines Sabotaged . | . . . Overloaded Fab Kills . | . . . Hacking | -11 -10 -10 --------- Run | Jun Mat Min Machines Accessed 8 | . 8 . Terminals 7 | . 7 . Fabricators . | . . . Repair Stations . | . . . Recycling Units 1 | . 1 . Scanalyzers . | . . . Garrison Access . | . . . Total Hacks 18 | . 18 . Successful 3 | . 3 . Failed 15 | . 15 . Catastrophic 7 | . 7 . Database Lockouts . | . . . Manual 12 | . 12 . Terminals 13 | . 13 . Fabricators . | . . . Repair Stations . | . . . Recycling Units 5 | . 5 . Scanalyzers . | . . . Garrison Access . | . . . Terminal Hacks 1 | . 1 . Locate Traps 1 | . 1 . Fabricator Hacks . | . . . Repair Station Hacks . | . . . Recycling Unit Hacks 1 | . 1 . Retrieve Components 1 | . 1 . Scanalyzer . | . . . Garrison Access Hacks . | . . . Unauthorized Hacks 1 | . 1 . Terminals 1 | . 1 . Botnet 1 | . 1 . Fabricators . | . . . Repair Stations . | . . . Recycling Units . | . . . Scanalyzers . | . . . Garrison Access . | . . . Data Cores Recovered . | . . . Used . | . . . Hacking Detections 8 | . 8 . Full Trace Events 1 | . 1 . Feedback Events . | . . . Feedback Blocked . | . . . Robot Schematics Acquired . | . . . Robots Built . | . . . Authchips . | . . . Time . | . . . Total Robot Build Rating . | . . . Part Schematics Acquired . | . . . Parts Built . | . . . Authchips . | . . . Time . | . . . Total Part Build Rating . | . . . Parts Repaired . | . . . Time . | . . . Parts Recycled . | . . . Recycled Matter . | . . . Retrieved Matter . | . . . Retrieved Components 2 | . 2 . Parts Scanalyzed . | . . . Part Schematics Acquired . | . . . Parts Damaged . | . . . Bothacking | -11 -10 -10 ------------ Run | Jun Mat Min Used RIF Installer . | . . . Robots Hacked . | . . . Non-combat . | . . . Combat . | . . . Robot Hacks Applied . | . . . Relay Couplers Released . | . . . Fabnet Peak Effective % . | . . . Robots Rewired . | . . . Allies Hacked . | . . . Hacks Repelled . | . . . Allies | -11 -10 -10 -------- Run | Jun Mat Min Total Allies . | . . . Largest Group . | . . . Highest-Rated Group . | . . . Highest-Rated Ally . | . . . Total Orders . | . . . Ally Attacks . | . . . Total Damage . | . . . Kills . | . . . Allies Corrupted . | . . . Allies Melted . | . . . Intel | -11 -10 -10 ------- Run | Jun Mat Min Robot Analysis Total . | . . . Derelict Logs Recovered . | . . . Drone Launches . | . . . Drone Recoveries . | . . . Exploration | -11 -10 -10 ------------- Run | Jun Mat Min Turns Passed 1517 | 26 1171 320 Spaces Moved 1006 | 11 857 138 Core . | . . . Treads 10 | . . 10 Legs 176 | 11 165 . Wheels 820 | . 692 128 Hover . | . . . Flight . | . . . Fastest Speed 100 | 120 100 100 Average Speed 107 | 120 104 127 Slowest Speed 240 | 120 120 240 Overloaded Moves . | . . . Propulsion Burnouts . | . . . Robots Hopped . | . . . Cave-ins Triggered . | . . . Exploration Rate (%) 36 | 2 95 11 Regions Visited 2 Branch Regions 1 Pre-discovered Areas . | . . . Known Exits Taken 1 | . 1 . Unknown Exits Taken 1 | 1 . . Scrap Searched . | . . . Spaces Dug . | . . . Terrain Destroyed 49 | . 4 45 Melee . | . . . Projectile . | . . . AOE 49 | . 4 45 Terrain Rammed . | . . . Walls Destroyed . | . . . Machines Disabled . | . . . Actions | -11 -10 -10 --------- Run | Jun Mat Min Total 1283 | 18 1021 244 Wait 127 | 5 54 68 Move 1004 | 10 856 138 Hop . | . . . Pick Up 22 | . 20 2 Fast Attach 3 | . 3 . Attach 10 | . 4 6 Detach 1 | . 1 . Swap 11 | . 7 4 Drop 16 | . 14 2 Fire 89 | 3 62 24 Melee . | . . . Ram . | . . . Kick . | . . . Crush . | . . . Escape Stasis . | . . . Rewire . | . . . Trap . | . . . Miscellaneous . | . . . Route ------- -11/Junkyard -10/Materials (discovered 5 exits: *Mat x3 / *Min / [Sub]) -10/Mines History --------- Turn | Location | Event 10 | -11/Junkyard | Discovered new exit (range 3) 27 | -11/Junkyard | Entered Materials 152 | -10/Materials | Discovered new exit (range 9) 301 | -10/Materials | Build established: Mutant 367 | -10/Materials | Discovered new exit (range 8) 507 | -10/Materials | Discovered new exit (range 14) 637 | -10/Materials | Discovered new exit (range 14) 830 | -10/Materials | Discovered new exit (range 16) 911 | -10/Materials | Identified exit to Materials 1171 | -10/Materials | Identified exit to Mines 1198 | -10/Materials | Entered Mines 1226 | -10/Mines | Assembled infested the area 1231 | -10/Mines | Assisted by a Guerilla fighting off Assembled 1294 | -10/Mines | Core integrity fell below 50% 1507 | -10/Mines | Core integrity fell below 20% 1518 | -10/Mines | Destroyed by YI-UF0 with YI-UF0's Doublenader Last Messages --------------- 01352_ as-51077 destroyed. 01352_ as-07312 destroyed. 01354_ as-85400 destroyed. 01354_ as-39600 destroyed. 01356_ as-93821 destroyed. 01358_ Dropped Com. Wheel. 01362_ The unstable cave ceiling collapses. 01388_ Acquired 16 matter. 01390_ Acquired Imp. Heat Sink. 01391_ The unstable cave ceiling collapses. 01506_ Assault Rifle destroyed. 01507_ The unstable cave ceiling collapses. 01510_ Lgt. Treads destroyed. 01510_ Grenade Launcher destroyed. 01512_ Hvy. Ion Engine destroyed. 01513_ Destroyed Shock Absorption System. 01514_ YI-UF0 mumbles something. 01514_ The unstable cave ceiling collapses. 01514_ EM Pulse Gun destroyed. 01517_ The unstable cave ceiling collapses. Map ----- +----------------------------------------------------+ | ??????????????????????????????????????????? | | ??????????????????????????????????????????? | | ??????????????????????????????????????????? | | ??????????????????????????????????????????? | | ??????????????????????????????????????????? | | ??????????????????????????????????????????? | | ??????????????????????????????????????????? | | ??????????????????????????????????????????? | | ??????????????????????????????????????????? | | ??????????????????????????????????????????? | | ??????????????????????????????????????????? | | ??????????????????????????????????????????? | | ??????????????????????????????????????????? | | ??????????????????????????????????????????? | | ??????????????????????????????????????????? | | ??????????????????????????????????????????? | | ?????????????# ?????????###???????????????? | | ?????????????? #???????%*!???????????????? | | ??????????????? ??????#%##?#????????????? | | ???????????? ?? ?????*= # #????????????? | | ???????????? ?? ??### # ##???????????? | | ???????????# = ? ## #???????????? | | ????????????# *% # #???????????? | | ????????????# #???????????? | | ???????????# #???????????? | | ???????????# g @ #???????????? | | ????????????# #??????????? | | ????????????# #??????????? | | ????????????## # # ##??????????? | | ????????????? ??# ## # ###????????? | | ???????????? ?????#??### #####??????? | | ????????????????????????# ## ## #??????? | | ????????????????????????# ## #??????? | | ????????????????????????# ==##??????? | | ????????????????????????#### #??????? | | ???????????????????????????## #??????? | | ????????????????????????????# ## #??????? | | ????????????????????????????# #### ##?????? | | ????????????????????????????# #### ##????? | | ????????????????????????????# ##???? | | ????????????????????????????# # # # #???? | | ????????????????????????????# ##???? | | ????????????????????????????## ## ## #???? | | ????????????????????????????## ## ##???? | | ????????????????????????????# # # # ##??? | | ????????????????????????????## #??? | | ?????????????????????????????## #??? | | ??????????????????????????????#!= ##??? | | ??????????????????????????????## [ ##???? | | ???????????????????????????????## ##????? | +----------------------------------------------------+ Best States ------------- Heat Dissipation 25 Energy Generation 14 Energy Capacity 280 Matter Stores 425 Matter Capacity 500 Sight Range 16 Terrain Scan Density 10 Armor Coverage 150 Evasion (%) 55 Recoil Reduction 1 Item Schematics ----------------- None Robot Schematics ------------------ None Fabricated ------------ Nothing Alien Tech Used ----------------- None Achievements -------------- None Challenges ------------ None Game ------ Seed ThrusterTargetBlade Manual? 0 Play Time 00:26:16 Cumulative 141.2 hours Start 2023.09.14 @ 03:53:01 End 2023.09.14 @ 04:24:12 Sessions 1 Manual Loads 0 Difficulty Rogue Special Mode None Game No. 94 Rogue 94 Adventurer 0 Explorer 0 Win Type - Total 3 Types 2/0/1/0/0/0/0/0/0 Lore% 48 Gallery% 47 Achievement% 45 Wizard Run 0 Options --------- ASCII 0 Keyboard 0 Movement Mouse Keybinds 0 Fullscreen 1 Font 18/SmallcapsGlow Map View 76x50 Tactical HUD 1 Map Filters NONE Filters NONE Steam X RUN: 61d6de99-143e-4169-8c93-8377596d217e